 Dungeon Crawl Stone Soup version 0.27-a0-522-g46bbb28828 (webtiles) character file.

Game seed: 6058440302742535563

576 kae the Chopper (level 7, -13/62 HPs)
             Began as a Hill Orc Fighter on Mar 4, 2021.
             Mangled by an ogre
             ... wielding a +0 giant club
              (23 damage)
             ... on level 5 of the Dungeon.
             The game lasted 00:02:37 (4121 turns).

kae the Chopper (Hill Orc Fighter)                  Turns: 4121, Time: 00:02:38

Health: -13/62     AC: 10    Str: 21    XL:     7   Next: 35%
Magic:  7/7        EV:  7    Int: 14    God:
Gold:   196        SH:  9    Dex: 10    Spells: 6/6 levels left

rFire    . . .     SeeInvis .   a - +1 war axe
rCold    + . .     Faith    .   c - +0 kite shield
rNeg     . . .     Spirit   .   b - +0 scale mail
rPois    .         Reflect  .   w - +1 helmet
rElec    .         Harm     .   y - +0 cloak
rCorr    .         Rampage  .   (no gloves)
Will     .....                  (no boots)
Stlth    ..........             p - amulet of magic regeneration
HPRegen  0.20/turn              f - ring of protection from cold
MPRegen  0.35/turn              g - +6 ring of intelligence

@: no status effects
A: no striking features
a: no special abilities


You were on level 5 of the Dungeon.
You visited 1 branch of the dungeon, and saw 5 of its levels.

You collected 196 gold pieces.

Inventory:

Hand Weapons
 a - a +1 war axe (weapon)
Armour
 b - a +0 scale mail (worn)
 c - a +0 kite shield (worn)
 w - a +1 helmet (worn)
 y - a +0 cloak (worn)
Jewellery
 f - a ring of protection from cold (left hand)
 g - a +6 ring of intelligence (right hand)
 p - an amulet of magic regeneration (around neck)
 t - a ring of protection from cold
Wands
 h - a wand of random effects (18)
 v - a wand of iceblast (9)
 z - a wand of paralysis (9)
Scrolls
 e - 5 scrolls of teleportation
 j - 2 scrolls of fog
 m - a scroll of amnesia
 n - a scroll of magic mapping
 s - a scroll of enchant weapon
 x - 3 scrolls of enchant armour
Potions
 d - 2 potions of might
 i - a potion of ambrosia {unknown}
 k - 2 potions of haste
 l - a potion of degeneration
 o - a potion of heal wounds {unknown}
 q - a potion of lignification {unknown}
 r - 2 potions of curing {unknown}
 u - 2 potions of flight {unknown}


   Skills:
 + Level 5.8 Fighting
 * Level 7.5 Axes
 + Level 5.3 Armour
 - Level 3.2 Shields


You had 6 spell levels left.
You didn't know any spells.
Your spell library was empty.

Dungeon Overview and Level Annotations

Branches:
Dungeon (5/15)
 Temple: D:4-7

Altars:
Fedhas
Ru
Uskayaw
Vehumet

Annotations:
D:3 2 runed translucent doors, Anon1729's ghost, amateur DsMo


Message History

The ogre is heavily wounded.
You block the ogre's attack.
There are monsters nearby!
You barely miss the ogre.
The ogre is heavily wounded.
The ogre hits you with a +0 giant club!!
You are too injured to fight recklessly!
You are too injured to fight recklessly!
You are too injured to fight recklessly!
There are monsters nearby!
There are monsters nearby!
You are too injured to fight recklessly!
You are too injured to fight recklessly!
You are too injured to fight recklessly!
You are too injured to fight recklessly!
You hit the ogre.
The ogre is severely wounded.
You feel sick.
You are no longer poisoned.
You block the ogre's attack.
You closely miss the ogre.
The ogre is severely wounded.
You hit the scorpion but do no damage.
The scorpion stings you but does no damage.
The ogre hits you with a +0 giant club!!
* * * LOW HITPOINT WARNING * * *
You block the scorpion's attack.
You slash the ogre!
The ogre is almost dead.
You hit the scorpion. You block the ogre's attack.
The scorpion completely misses you.
Okay, then.
Okay, then.
Okay, then.
Okay, then.
The ogre closely misses you.
You hit the ogre.
The ogre is almost dead.
The ogre hits you with a +0 giant club!!
You die...

#....# #......# #....###.(....# #
#..)..........#
######.............#
.#.....##..........#####
...###.##..........#...# #
>.......+............#.#####+#.#
.#.###.##.......####...........#.
................@Os....#.#.<.$...
.....#.#############...........#
...)÷..............#.#....####.#
##....#####...######..$.#.#
......#>.##...##.>####....#
..)...#...#...#...# #.......
......##.'#...#..### #.#?#.....
##.....###.....###.# #.?.......
#>..#.....†.......###....#....


You could see an ogre and a scorpion.

Vanquished Creatures
  A phantom (D:5)
  2 scorpions
  A howler monkey (D:5)
  An orc priest (D:5)
  A jelly (D:5)
  Ijyb (D:2)
  An orc wizard (D:5)
  2 worker ants
  8 adders
  A shadow imp (D:4)
  A white imp (D:5)
  An ooze (D:3)
  A worm (D:2)
  2 dart slugs
  3 leopard geckos
  8 orcs
  6 bats
  3 giant cockroaches
  10 goblins
  10 hobgoblins
  18 jackals
  2 quokkas (D:5)
  A ball python (D:3)
  5 frilled lizards
  5 kobolds
  10 rats
105 creatures vanquished.

Notes
Turn   | Place    | Note
-------+----------+-------------------------------------------
     0 | D:1      | kae the Hill Orc Fighter began the quest for the Orb.
     0 | D:1      | Reached XP level 1. HP: 19/19 MP: 1/1
   162 | D:1      | Reached skill level 3 in Axes
   343 | D:1      | Reached XP level 2. HP: 27/27 MP: 2/2
   789 | D:2      | Found a hide-covered altar of Uskayaw.
   789 | D:2      | Noticed a +0 dagger
   789 | D:2      | Noticed a +0 hand axe
   791 | D:2      | Found a radiant altar of Vehumet.
   805 | D:2      | Reached XP level 3. HP: 25/33 MP: 3/3
  1125 | D:2      | Noticed Ijyb
  1131 | D:2      | Reached skill level 4 in Axes
  1144 | D:2      | Killed Ijyb
  1145 | D:2      | Reached XP level 4. HP: 28/40 MP: 4/4
  1454 | D:2      | Found a sacrificial altar of Ru.
  1634 | D:3      | Reached skill level 5 in Axes
  1638 | D:3      | Reached XP level 5. HP: 41/47 MP: 5/5
  1985 | D:3      | Found a runed translucent door.
  2122 | D:3      | Found a runed translucent door.
  2124 | D:3      | Noticed Anon1729's ghost (amateur DsMo)
  2600 | D:4      | Reached skill level 5 in Fighting
  2600 | D:4      | Reached skill level 6 in Axes
  2600 | D:4      | Reached XP level 6. HP: 37/56 MP: 6/6
  3167 | D:4      | Found a blossoming altar of Fedhas.
  3805 | D:5      | Entered Level 5 of the Dungeon
  3860 | D:5      | Reached skill level 5 in Armour
  3923 | D:5      | Reached XP level 7. HP: 61/61 MP: 7/7
  3976 | D:5      | Reached skill level 7 in Axes
  4121 | D:5      | Mangled by an ogre

Illustrated notes

Levels and vault maps discovered:
D:1:      onia_arrival_mini_maze_b, layout_loops_ring
D:2:      kennysheep_the_goblin_king, layout_basic, nicolae_ru_awakened_eye,
          vehumet_crystals, dancing_weapons_uskayaw
D:3:      layout_loops_ring, ebering_ghost_sewer_f
D:4:      layout_basic, fedhas_altar_2, chequers_serial_rivers_small_3
D:5:      layout_basic, serial_curves, eino_curves_02, eino_curves_02,
          eino_curves_02, grunt_ministairs_6, minmay_misc_feat_five

Skill      XL: |  1  2  3  4  5  6  7 |
---------------+----------------------+-----
Axes           | 3 4 5 6 7 |  7.5
Fighting       | 4 5 |  5.8
Armour         | 4 5 |  5.3
Shields        | |  3.2

Action                   |  1- 3 |  4- 6 |  7- 9 || total
-------------------------+-------+-------+-------++-------
Melee: War axe           |    88 |   175 |    37 ||   300
  Use: Scroll            |     4 |     6 |       ||    10
Armor: Scale mail        |    49 |    89 |    17 ||   155
Dodge: Dodged            |    25 |    52 |     6 ||    83
Block: Kite shield       |    62 |   111 |    13 ||   186

Table legend: (Time is in decaauts)
 A = Elapsed time spent in this place.
 B = Non-inter-level travel time spent in this place.
 C = Inter-level travel time spent in this place.
 D = Time resting spent in this place.
 E = Time spent auto-exploring this place.
 F = Levels seen in this place.
 G = Mean time per level.
                   A        B        C        D        E       F      G
               +--------+--------+--------+--------+--------+-----+--------+
         Total |   4264 |   4185 |     79 |     38 |   3393 |   5 |  852.8 |
       Dungeon |   4264 |   4185 |     79 |     38 |   3393 |   5 |  852.8 |
               +--------+--------+--------+--------+--------+-----+--------+

Top non-repeatable levels by time:
     D:4: 1240 daAuts
     D:3: 1154 daAuts
     D:1: 812 daAuts
     D:2: 718 daAuts
     D:5: 338 daAuts
